 Dungeon Sprint DCSS version 0.18-a0-1180-g64ccc1e (webtiles) character file.

1000000 namelastname112 the Black Belt (level 13, -25/109 HPs)
             Began as a Demonspawn Gladiator on Jan 27, 2016.
             Was an Initiate of Makhleb.
             Annihilated by a meat berserker
             ... wielding a +9 battleaxe
              (69 damage)
             ... in the Dungeon (Sprint VIII: "Arena of Blood").
             The game lasted 00:00:33 (10 turns).

namelastname112 the Black Belt (Demonspawn Gladiator) Turns: 10, Time: 00:00:33

Health: -25/109    AC:  3    Str: 17    XL:     13   Next: 0%
Magic:  13/13      EV: 27    Int:  9    God:    Makhleb [......]
Gold:   0          SH:  0    Dex: 18    Spells: 0 memorised, 12 levels left

rFire  . . .     SeeInvis +     k - +∞ Axe of Woe
rCold  . . .     Gourm    .     a - +0 leather armour
rNeg   . . .     Faith    .     (shield currently unavailable)
rPois  .         Spirit   .     (helmet unavailable)
rElec  .         Dismiss  .     (no cloak)
rCorr  .         Reflect  .     (no gloves)
SustAt .         Harm     .     (no boots)
MR     .....     NoTele   +     (no amulet)
Stlth  +.........               (no ring)
                                (no ring)

@: very slightly contaminated, not resistant to hostile enchantments, very
unstealthy
A: antennae 3, talons 2, powered by pain 1, rot immunity
a: Renounce Religion


You were in the Dungeon.
You worshipped Makhleb.
Makhleb was noncommittal.
You were not hungry.

You visited 1 branch

Inventory:

Hand Weapons
 k - the +∞ Axe of Woe (weapon)
   (You found it in the Dungeon)
Missiles
 c - 3 throwing nets (quivered)
Armour
 a - a +0 leather armour (worn)
 b - a +0 helmet
Potions
 e - a potion of curing
 f - a potion of heal wounds
 g - a potion of haste
 h - 2 potions of magic
 i - a potion of berserk rage
Comestibles
 d - a bread ration


   Skills:
 + Level 12.3 Fighting
 + Level 10.9 Throwing
 + Level 18.7 Dodging
 + Level 18.9 Unarmed Combat


You had 12 spell levels left.
You didn't know any spells.

Dungeon Overview and Level Annotations

Branches:
Dungeon (1/1)

Altars:
Makhleb


Innate Abilities, Weirdness & Mutations

You have a pair of large antennae on your head (SInv).
You have razor-sharp toenails.
You sometimes gain a little power by taking damage.
You are immune to rotting.


Message History

You have reached level 9!
Your experience leads to an increase in your attributes!
Increase (S)trength, (I)ntelligence, or (D)exterity?
You feel agile.
You have reached level 10!
You have reached level 11!
You have reached level 12!
Your experience leads to an increase in your attributes!
Increase (S)trength, (I)ntelligence, or (D)exterity?
You feel agile. x2; Your demonic ancestry asserts itself...
You feel energised by your suffering.
You have reached level 13!
Your demonic ancestry asserts itself...
The antennae on your head grow some more.
You hear a shout! x5
The meat berserker rages.
You hear a shout! x7
The meat berserker hits you with a +9 battleaxe!!!
Ouch! That really hurt!
You die...

.......... ........
......... #.......#
. #.......# .
..###... ...###...
......###.....o..
....._)@...O... o
..#....O#...... ...
#_.<._# .....
.....#.o...#......
#.....o.§_.........
........###........
.o.###... ...###. .
.. #... ...# #....
.#


You could see 2 meat berserkers and 3 bags of meat.

Vanquished Creatures
  An ogre (D)
1 creature vanquished.

Notes
Turn   | Place    | Note
--------------------------------------------------------------
     0 | D        | namelastname112 the Demonspawn Gladiator began the quest for the Orb.
     0 | D        | Reached XP level 1. HP: 16/16 MP: 1/1
     3 | D        | Noticed a bag of meat
     4 | D        | Became a worshipper of Makhleb the Destroyer
     5 | D        | Noticed a meat berserker
     7 | D        | Noticed a bag of meat
     8 | D        | Noticed a bag of meat
     8 | D        | Noticed a bag of meat
     8 | D        | Noticed a meat berserker
     9 | D        | Noticed a meat berserker
     9 | D        | Noticed a bag of meat
    10 | D        | Killed a meat berserker
    10 | D        | Reached skill level 12 in Fighting
    10 | D        | Reached skill level 10 in Throwing
    10 | D        | Reached skill level 18 in Dodging
    10 | D        | Gained mutation: You are immune to rotting. [demonic ancestry]
    10 | D        | Reached XP level 2. HP: 19/39 MP: 2/2
    10 | D        | Reached XP level 3. HP: 21/45 MP: 3/3
    10 | D        | Gained mutation: You have a pair of small antennae on your head. [demonic ancestry]
    10 | D        | Reached XP level 4. HP: 24/52 MP: 4/4
    10 | D        | Gained mutation: You have a pair of antennae on your head. [demonic ancestry]
    10 | D        | Reached XP level 5. HP: 26/58 MP: 5/5
    10 | D        | Gained mutation: You have sharp toenails. [demonic ancestry]
    10 | D        | Reached XP level 6. HP: 29/65 MP: 6/6
    10 | D        | Gained mutation: You have razor-sharp toenails. [demonic ancestry]
    10 | D        | Reached XP level 7. HP: 31/71 MP: 7/7
    10 | D        | Reached XP level 8. HP: 33/77 MP: 8/8
    10 | D        | Reached XP level 9. HP: 35/83 MP: 9/9
    10 | D        | Reached XP level 10. HP: 37/90 MP: 10/10
    10 | D        | Reached XP level 11. HP: 39/96 MP: 11/11
    10 | D        | Gained mutation: You sometimes gain a little power by taking damage. [demonic ancestry]
    10 | D        | Reached XP level 12. HP: 41/103 MP: 12/12
    10 | D        | Gained mutation: You have a pair of large antennae on your head (SInv). [demonic ancestry]
    10 | D        | Reached XP level 13. HP: 43/109 MP: 13/13
    10 | D        | Annihilated by a meat berserker

Vault maps used:
D:        meatsprint

Action                   |  1- 3 |  4- 6 |  7- 9 | 10-12 | 13-15 || total
-------------------------+-------+-------+-------+-------+-------++-------
Melee: Executioner's axe |     1 |       |       |       |       ||     1
  Use: Scroll            |     1 |       |       |       |       ||     1
